 Dungeon Crawl Stone Soup version 0.23-a0-143-g1adec7b (webtiles) character file.

97 galech the Chopper (level 4, -3/35 HPs)
             Began as a Demonspawn Monk on Sept 4, 2018.
             Slain by Sigmund
             ... wielding a +0 scythe
              (7 damage)
             ... on level 2 of the Dungeon.
             The game lasted 00:02:53 (1378 turns).

galech the Chopper (Demonspawn Monk)                Turns: 1378, Time: 00:02:54

Health: -3/35      AC: 18    Str: 13    XL:     4   Next: 42%
Magic:  4/4        EV: -1    Int: 11    God:
Gold:   78         SH:  0    Dex: 15    Spells: 3/3 levels left

rFire    + . .     SeeInvis .   a - +0 hand axe
rCold    + + .     Gourm    +   (no shield)
rNeg     . . .     Faith    .   h - +1 gold dragon scales
rPois    +         Spirit   .   k - +2 helmet
rElec    .         Reflect  .   (no cloak)
rCorr    .         Harm     .   (no gloves)
MR       .....                  (no boots)
Stlth    ..........             r - amulet of the gourmand
HPRegen  0.11/turn              g - ring of protection from cold
MPRegen  0.09/turn              (no ring)

@: no status effects
A: molten scales 1, powered by death 1
a: no special abilities


You were on level 2 of the Dungeon.
You were not hungry.

You visited 1 branch of the dungeon, and saw 2 of its levels.

You collected 78 gold pieces.

Inventory:

Hand Weapons
 a - a +0 hand axe (weapon)
Armour
 h - +1 gold dragon scales (worn)
 k - a +2 helmet (worn)
Jewellery
 g - a ring of protection from cold (left hand)
 r - an amulet of the gourmand (around neck)
 s - an uncursed ring of ice
Wands
 q - a wand of random effects (15)
Scrolls
 e - 2 scrolls of remove curse
 m - a scroll of fear {unknown}
 n - 2 scrolls of identify
Potions
 f - a potion of might {unknown}
 i - a potion of mutation {unknown}
 j - 2 potions of flight {unknown}
 o - a potion of curing {unknown}
Comestibles
 b - 9 chunks of flesh
 c - 3 rations


   Skills:
 + Level 3.5 Fighting
 + Level 4.1 Axes
 + Level 0.7 Armour
 + Level 2.8 Dodging
 + Level 1.9 Stealth


You had 3 spell levels left.
You didn't know any spells.
Your spell library was empty.

Dungeon Overview and Level Annotations

Branches:
Dungeon (2/15)

Altars:

Annotations:
D:2 Natasha, Sigmund


Innate Abilities, Weirdness & Mutations

You are partially covered in molten scales. (AC +2)
You regenerate a little health from kills.


Message History

The giant cockroach bites you.
* * * LOW HITPOINT WARNING * * *
Your gold dragon scales prevents you from hitting the giant cockroach.
You hit the leopard gecko.
You kill the leopard gecko!
The giant cockroach bites you but does no damage.
As you read the scroll labeled QUOLEA IDUFEFF, it crumbles to dust.
It is a scroll of enchant armour.
Your +0 gold dragon scales glow green for a moment.
The goblin hits you but does no damage.
The giant cockroach bites you but does no damage.
Something hits you.
* * * LOW HITPOINT WARNING * * *
As you read the scroll labeled OJASKYELON, it crumbles to dust.
The scroll dissolves into smoke.
It was a scroll of fog.
The goblin hits you.
* * * LOW HITPOINT WARNING * * *
The giant cockroach bites you but does no damage.
As you read the scroll labeled SAIRGH ELAO, it crumbles to dust.
You smell pepper.
It was a scroll of random uselessness.
Something hits you!
You die...

#...#...#
#.....#.#
#.###...#
#.####.###
#.##.....#
#.##.....###
#§#..........
#s#......####
#@#§.....#
#§g§##.###
###{##.# #h#
.. #.5......
#........
#5.......
#.5......
#......g.


You could see a giant cockroach and a goblin.

Vanquished Creatures
  A crimson imp (D:2)
  Jessica (D:2)
  A dart slug (D:1)
  2 leopard geckos
  4 bats
  A giant cockroach (D:1)
  6 goblins
  5 hobgoblins
  3 ball pythons
  5 frilled lizards
  2 kobolds (D:1)
  4 rats (D:1)
35 creatures vanquished.

Notes
Turn   | Place    | Note
-------+----------+-------------------------------------------
     0 | D:1      | galech the Demonspawn Monk began the quest for the Orb.
     0 | D:1      | Reached XP level 1. HP: 18/18 MP: 1/1
   430 | D:1      | Gained mutation: You regenerate a little health from kills.
                  | [demonic ancestry]
   430 | D:1      | Reached XP level 2. HP: 24/24 MP: 2/2
   453 | D:1      | Reached skill level 3 in Axes
  1122 | D:2      | Noticed a crimson imp
  1129 | D:2      | Reached XP level 3. HP: 28/29 MP: 3/3
  1140 | D:2      | Noticed Jessica
  1165 | D:2      | Killed Jessica
  1165 | D:2      | Reached skill level 4 in Axes
  1165 | D:2      | Gained mutation: You are partially covered in molten
                  | scales. (AC +2) [demonic ancestry]
  1165 | D:2      | Reached XP level 4. HP: 24/35 MP: 4/4
  1342 | D:2      | Noticed Sigmund
  1364 | D:2      | Noticed Natasha
  1378 | D:2      | Slain by Sigmund

Vault maps used:
D:1:      erik_arrival_blinker_ship
D:2:      serial_park_tiny_1, uniq_jessica, uniq_natasha, uniq_sigmund

Skill      XL: |  1  2  3 |
---------------+----------+-----
Axes           | 3 4 |  4.1
Fighting       | |  3.5
Armour         | |  0.7
Dodging        | |  2.8
Stealth        | |  1.9

Action                   |  1- 3 |  4- 6 || total
-------------------------+-------+-------++-------
Melee: Hand axe          |   142 |    40 ||   182
  Use: Scroll            |       |     4 ||     4
  Eat: Chunk             |     1 |     1 ||     2
Armor: Gold dragon scale |   140 |    87 ||   227
       Robe              |     1 |       ||     1
Dodge: Dodged            |    13 |     5 ||    18

Table legend:
 A = Non-vault XP
 B = Vault XP
 C = Vault XP percentage of total XP
 D = Non-vault monster count
 E = Vault monster count
 F = Vault count percentage of total count
                 A         B        C        D         E       F
            +---------+---------+-------+---------+---------+-------
      Total |     102 |      37 |  26.6 |      34 |       1 |   2.9
            +---------+---------+-------+---------+---------+-------
        D:1 |      38 |       0 |   0.0 |      23 |       0 |   0.0
        D:2 |      64 |      37 |  36.6 |      11 |       1 |   8.3
            +---------+---------+-------+---------+---------+-------
